 Dungeon Crawl Stone Soup version 0.30-a0-4-ga7cffc901d (webtiles) character file.

Game seed: 18345342425901698302

933 bearlyready the Tainter (level 8, -1/44 (61) HPs)
             Began as a Merfolk Venom Mage on Aug 21, 2022.
             Was an Initiate of Gozag.
             Slain by an ogre
             ... wielding a +0 giant club
              (11 damage)
             ... on level 6 of the Dungeon.
             The game lasted 00:12:56 (6439 turns).

bearlyready the Tainter (Merfolk Venom Mage)        Turns: 6439, Time: 00:12:57

HP:   -1/44 (61)    AC:  4    Str: 14    XL:     8   Next: 11%
MP:   11/11         EV: 12    Int: 17    God:    Gozag
Gold: 333           SH:  0    Dex: 14    Spells: 4/11 levels left

rFire   x . .      SeeInvis .    x - +0 spear
rCold   + + .      Faith    .    (no shield)
rNeg    . . .      Spirit   .    a - +0 robe
rPois   .          Reflect  .    (helmet restricted)
rElec   .          Harm     .    G - scarf {+Inv}
rCorr   .          Rampage  .    L - +0 pair of gloves
Will    .....                    u - +0 pair of boots
Stlth   ++........               (no amulet)
HPRegen 0.14/turn                n - +6 ring of strength
MPRegen 0.12/turn                J - ring of ice

@: brilliant, flying, very heavily drained, unable to drink
A: (nimble swimmer 2), mertail, horns 1, cold resistance 1, inability to drink
after injury 1
a: Renounce Religion, Evoke Invisibility, Potion Petition, Call Merchant, Bribe
Branch


You were on level 6 of the Dungeon.
You worshipped Gozag.
Gozag was aware of your devotion.
You visited 2 branches of the dungeon, and saw 7 of its levels.

You collected 504 gold pieces.
You paid 171 gold pieces to Gozag.

Inventory:

Hand Weapons
 d - a +0 short sword
 q - a +0 dagger
 v - a +2 dagger of venom
 x - a +0 spear (weapon)
 y - a +0 whip
Missiles
 e - 39 stones
 B - 2 boomerangs
 E - 8 poisoned darts
 F - 3 curare-tipped darts
Armour
 a - a +0 robe (worn)
 u - a +0 pair of boots (worn)
 w - a +0 helmet
 G - a scarf of invisibility (worn)
 L - a +0 pair of gloves (worn)
Jewellery
 n - a +6 ring of strength (left hand)
 C - an amulet of faith
 J - a ring of ice (right hand)
Wands
 M - a wand of flame (4)
Scrolls
 f - a scroll of poison
 k - 2 scrolls of vulnerability
 r - 2 scrolls of amnesia
 s - a scroll of fog
 z - a scroll of brand weapon
 N - a scroll of identify
 O - a scroll of magic mapping {unknown}
Potions
 b - a potion of magic
 c - a potion of heal wounds
 h - 2 potions of degeneration
 i - a potion of lignification
 o - 2 potions of resistance
 p - 2 potions of mutation
 t - 2 potions of invisibility {unknown}
 A - 2 potions of curing {unknown}
 D - a potion of ambrosia {unknown}
 I - 3 potions of haste {unknown}
 K - a potion of cancellation {unknown}


   Skills:
 - Level 4.7 Fighting
 + Level 1.3 Polearms
 - Level 2.6 Dodging
 - Level 2.1 Stealth
 - Level 2.0 Spellcasting
 - Level 2.0 Transmutations
 - Level 9.0 Poison Magic


You had 4 spell levels left.
You knew the following spells:

 Your Spells              Type           Power      Damage    Failure   Level
a - Sting                 Tmut/Pois      100%       1d8       1%          1
b - Poisonous Vapours     Pois/Air       50%        N/A       4%          2
c - Olgreb's Toxic Radia  Pois           48%        N/A       4%          4

Your spell library contained the following spells:

 Spells                   Type           Power      Damage    Failure   Level
 Mephitic Cloud           Conj/Pois/Air  17%        N/A       17%         3
 Necrotise                Necr           8%         1d4       19%         1
 Scorch                   Fire           4%         2d5       28%         2
 Gell's Gravitas          Tloc           2%         N/A       50%         3
 Lesser Beckoning         Tloc           2%         N/A       50%         3
 Ozocubu's Armour         Ice            3%         N/A       50%         3
 Teleport Other           Tloc           2%         N/A       50%         3
 Vampiric Draining        Necr           2%         2d6       50%         3
 Flame Wave               Conj/Fire      2%         2d4       88%         4
 Agony                    Necr           2%         N/A       99%         5
 Metabolic Englaciation   Hex/Ice        1%         N/A       99%         5
 Summon Cactus Giant      Summ           1%         N/A       100%        6
 Simulacrum               Ice/Necr       Unusable   N/A       N/A         6

Dungeon Overview and Level Annotations

Branches:
Dungeon (6/15)             Temple (1/1) D:4

Altars:
Cheibriados
Fedhas
Gozag
Hepliaklqana
Makhleb
Okawaru
Qazlal
Uskayaw
Vehumet
Wu Jian
Xom
The Shining One

Shops:
D:5 (

Annotations:
D:4 3 runed translucent doors, rumses's ghost, amateur HOFi
D:5 exclusion: water moccasin


Innate Abilities, Weirdness & Mutations

((You are very nimble when in or above water. (Stealth+, EV+, Speed+++)))
Your lower body shifts to a powerful aquatic tail in water.
You have a pair of small horns on your head.
Your flesh is cold resistant. (rC+)
You occasionally lose the ability to drink potions when taking damage.


Message History

The wight closely misses you. The wight hits you with a +1 battleaxe!
* * * LOW HITPOINT WARNING * * *
You feel drained.
You feel much better.
The wight hits you from afar with a +2 spear.
You feel drained. The wight hits you with a +1 battleaxe.
Okay, then. [a] - 100 gold - heal wounds [b] - 720 gold - haste, resistance and might [c] - 384 gold - heal wounds, curing and magic Purchase which effect?
You no longer have enough gold to petition Gozag for potion effects.
You feel much better. The wight hits you but does no damage.
An ogre comes into view. It is wielding a +0 giant club.
Okay, then.
It was a potion of flight.
You feel very buoyant.
You fly up into the air.
The wight hits you with a +1 battleaxe!
You feel drained.
It was a potion of brilliance.
You feel clever all of a sudden. The wight closely misses you.
The wight hits you with a +0 mace. The wight attacks as you move away!
The wight closely misses you.
An adder comes into view.
The adder hisses angrily.
The ogre closely misses you.
It was a potion of mutation.
You feel extremely strange.
You occasionally lose the ability to drink potions when taking damage.
A pair of horns grows on your head!
Your +0 helmet falls away!
You feel resistant to cold.
The wight hits you from afar with a +2 spear!
You feel threatened and lose the ability to drink potions!
The wight hits you with a +0 mace!
* * * LOW HITPOINT WARNING * * *
You cannot drink potions in your current state!
You feel drained.
You fail to use your ability.
The ogre hits you with a +0 giant club!
You die...
Your body crumbles into a pile of gold.

#.####.### ..#
#.##...... ##.##
#.##.#.### #....
#.##.#.# #...# #......#
#...# ###.#### #.<.# #.#
######..O###### #.#
#...[..@z.....###.######
........z.....).........
...S...z......###..#####
.#####...###### ##.#
#.#.## #.# #.###.# #.#
## #$## #.#


.zz #.. ##.# ### You could see an ogre, 3 wights and an adder.

Vanquished Creatures
  3 black bears
  2 scorpions
  2 wights (D:6)
  A killer bee (D:4)
  A jelly (D:5)
  3 hounds
  3 iguanas
  An orc wizard (D:4)
  Robin (D:3)
  6 adders
  2 white imps
  2 ufetubi
  2 worms
  3 dart slugs
  6 orcs
  A bat (D:1)
  4 endoplasms
  A giant cockroach (D:2)
  18 goblins
  10 hobgoblins
  2 jackals (D:5)
  4 quokkas
  7 ball pythons
  3 frilled lizards
  5 kobolds
  3 rats
96 creatures vanquished.

Vanquished Creatures (others)
  A plant (D:3)
1 creature vanquished.

Grand Total: 97 creatures vanquished

Notes
Turn   | Place    | Note
-------+----------+-------------------------------------------
     0 | D:1      | bearlyready the Merfolk Venom Mage began the quest for the
                  | Orb.
     0 | D:1      | Reached XP level 1. HP: 13/13 MP: 3/3
   459 | D:1      | Reached XP level 2. HP: 9/19 MP: 0/5
   735 | D:1      | Learned a level 2 spell: Poisonous Vapours
  1026 | D:1      | Reached skill level 4 in Poison Magic
  1521 | D:2      | Reached XP level 3. HP: 24/24 MP: 2/6
  1776 | D:2      | Identified the +1 spear "Toozeoguesm" {venom, Dex+2}
  2360 | D:3      | Noticed Robin
  2640 | D:2      | Reached skill level 5 in Poison Magic
  2685 | D:3      | Killed Robin
  2686 | D:3      | Reached XP level 4. HP: 14/31 MP: 2/7
  3137 | D:3      | Reached skill level 1 in Fighting
  3418 | D:3      | Found a faded altar of an unknown god.
  3672 | D:3      | Noticed a black bear
  3688 | D:4      | Found a staircase to the Ecumenical Temple.
  3698 | D:4      | Reached XP level 5. HP: 21/38 MP: 5/8
  3716 | Temple   | Entered the Ecumenical Temple
  3744 | Temple   | Became a worshipper of Gozag Ym Sagoz the Greedy
  4084 | D:4      | Reached skill level 6 in Poison Magic
  4103 | D:4      | Reached XP level 6. HP: 38/47 MP: 1/9
  4363 | D:4      | Found an ornate altar of the Wu Jian Council.
  4379 | D:4      | Found a runed translucent gate.
  4388 | D:4      | Found a runed translucent gate.
  4457 | D:4      | Found a runed translucent gate.
  4761 | D:4      | Learned a level 4 spell: Olgreb's Toxic Radiance
  4895 | D:4      | Noticed rumses's ghost (amateur HOFi)
  4895 | D:4      | Noticed an ice beast
  4958 | D:5      | Entered Level 5 of the Dungeon
  5356 | D:5      | Noticed a water moccasin
  5417 | D:5      | Reached XP level 7. HP: 54/54 MP: 10/10
  5436 | D:5      | Found Gulutal's Antique Weapon Boutique.
  5450 | D:5      | Reached skill level 7 in Poison Magic
  5518 | D:3      | Reached skill level 8 in Poison Magic
  6256 | D:6      | Reached skill level 9 in Poison Magic
  6256 | D:6      | Reached XP level 8. HP: 60/60 MP: 11/11
  6404 | D:6      | Reached skill level 1 in Polearms
  6428 | D:6      | HP: 2/55 [wight/+1 battleaxe (12)]
  6438 | D:6      | Gained mutation: You occasionally lose the ability to drink
                  | potions when taking damage. [potion of mutation]
  6438 | D:6      | Gained mutation: You have a pair of small horns on your
                  | head. [potion of mutation]
  6438 | D:6      | Gained mutation: Your flesh is cold resistant. (rC+)
                  | [potion of mutation]
  6439 | D:6      | Slain by an ogre

Illustrated notes

Levels and vault maps discovered:
D:1:      lightli_molten_gateway, layout_loops_cross
D:2:      layout_basic
D:3:      cheibrodos_greedy_goblins, layout_loops_cross,
          shapermc_ecumenical_altar_flowoftime, st_stairs_14,
          kennysheep_generic_room_13, uniq_robin
D:4:      minmay_diamond_boxcup, layout_basic, pdpol_wu_jian_five_deadly_venoms,
          minmay_temple_entry_arrows, gammafunk_ghost_icy
D:5:      layout_basic, serial_shops, shop
D:6:      layout_loops_cross, minivault_14
Temple:   nicolae_temple_ecumenical_triangle

Skill      XL: |  1  2  3  4  5  6  7  8 |
---------------+-------------------------+-----
Transmutations | 2 |  2.0
Poison Magic   | 4 5 6 9 |  9.0
Fighting       | 2 3 4 |  4.7
Polearms       | 1 |  1.3
Dodging        | |  2.6
Stealth        | |  2.1
Spellcasting   | |  2.0

Action                   |  1- 3 |  4- 6 |  7- 9 || total
-------------------------+-------+-------+-------++-------
Melee: Unarmed           |    24 |       |       ||    24
       Dagger            |     5 |    98 |    31 ||   134
       Punch             |       |     1 |     3 ||     4
       Spear             |       |       |    69 ||    69
 Cast: Sting             |    69 |    55 |    14 ||   138
       Poisonous Vapours |     1 |       |     1 ||     2
       Olgreb's Toxic Ra |       |       |     1 ||     1
Invok: Potion Petition   |       |       |     1 ||     1
Evoke: Wand              |       |     2 |     2 ||     4
  Use: Scroll            |       |     9 |     3 ||    12
       Potion            |       |       |     8 ||     8
 Stab: Sleeping          |       |       |     2 ||     2
       Distracted        |       |       |     1 ||     1
Armor: Robe              |    11 |    33 |    12 ||    56
       Skin              |       |       |    46 ||    46
Dodge: Dodged            |    46 |   101 |    44 ||   191

Table legend: (Time is in decaauts)
 A = Elapsed time spent in this place.
 B = Non-inter-level travel time spent in this place.
 C = Inter-level travel time spent in this place.
 D = Time resting spent in this place.
 E = Time spent auto-exploring this place.
 F = Levels seen in this place.
 G = Mean time per level.
                   A        B        C        D        E       F      G
               +--------+--------+--------+--------+--------+-----+--------+
         Total |   6446 |   6174 |    272 |    403 |   4600 |   7 |  920.9 |
       Dungeon |   6329 |   6057 |    272 |    325 |   4600 |   6 | 1054.8 |
        Temple |    117 |    117 |      0 |     78 |      0 |   1 |  117.0 |
               +--------+--------+--------+--------+--------+-----+--------+

Top non-repeatable levels by time:
     D:1: 1466 daAuts
     D:2: 1376 daAuts
     D:4: 1213 daAuts
     D:5: 989 daAuts
     D:3: 894 daAuts
     D:6: 389 daAuts
  Temple: 117 daAuts
